 Dungeon Crawl Stone Soup version 0.30.0-29-ga12c61a403 (webtiles) character file.

Game seed: 9884737047311574211

835 seaoflcl the Chopper (level 7, 0/61 HPs)
             Began as a Minotaur Fighter on June 9, 2023.
             Slain by a gnoll
             ... wielding a +0 halberd
             ... led by a gnoll bouda
              (6 damage)
             ... on level 5 of the Dungeon.
             The game lasted 00:05:13 (4607 turns).

seaoflcl the Chopper (Minotaur Fighter)             Turns: 4607, Time: 00:05:14

Health: 0/61       AC:  9    Str: 22    XL:     7   Next: 66%
Magic:  6/6        EV:  9    Int:  5    God:
Gold:   266        SH:  5    Dex: 13    Spells: 6/6 levels left

rFire   . . .        v - +7 short sword of Qipsogats {protect, rElec Dex+3}
rCold   . . .        c - +0 buckler
rNeg    . . .        b - +0 scale mail
rPois   .            p - +2 hat
rElec   +            (no cloak)
rCorr   .            (no gloves)
SInv    .            (no boots)
Will    .....        (no amulet) Stlth
                     (no ring)
HPRegen 0.30/turn    (no ring)
MPRegen 0.10/turn

%: no passive effects
@: weakened
A: horns 2, retaliatory headbutt
a: no special abilities


You were on level 5 of the Dungeon.
You visited 1 branch of the dungeon, and saw 5 of its levels.

You collected 266 gold pieces.

Inventory:

Hand Weapons
 a - a +0 war axe
 j - a +3 dagger of electrocution
 v - the +7 short sword of Qipsogats (weapon) {protect, rElec Dex+3}
   (You found it on level 4 of the Dungeon)

   Dex:       It affects your dexterity (+3).
   rElec:     It insulates you from electricity.
Missiles
 l - 4 poisoned darts (quivered)
Armour
 b - a +0 scale mail (worn)
 c - a +0 buckler (worn)
 p - a +2 hat (worn)
Jewellery
 m - a ring of protection from fire
Wands
 t - a wand of polymorph (10)
Scrolls
 d - a scroll of torment {unknown}
 f - 7 scrolls of identify {unknown}
 g - 2 scrolls of magic mapping {unknown}
 h - 2 scrolls of fog {unknown}
 n - a scroll of immolation {unknown}
 s - a scroll of amnesia {unknown}
 u - a scroll of blinking {unknown}
Potions
 e - 3 potions of curing
 i - a potion of lignification
 k - 2 potions of invisibility
 o - 2 potions of heal wounds {unknown}
 q - 2 potions of haste {unknown}
 r - a potion of degeneration {unknown}
 w - a potion of cancellation {unknown}


   Skills:
 + Level 5.6 Fighting
 + Level 1.2 Short Blades
 * Level 6.7 Axes
 + Level 2.1 Throwing
 + Level 5.6 Armour
 + Level 5.6 Shields


You had 6 spell levels left.
You didn't know any spells.
Your spell library contained the following spells:

 Spells                   Type           Power      Damage    Failure   Level
 Sting                    Tmut/Pois      0%         1d3       85%         1
 Ensorcelled Hibernation  Hex/Ice        0%         N/A       94%         2
 Poisonous Vapours        Pois/Air       0%         N/A       94%         2
 Inner Flame              Hex/Fire       0%         N/A       99%         3
 Spider Form              Tmut/Pois      0%         N/A       99%         3
 Anguish                  Hex/Necr       0%         N/A       100%        4
 Flame Wave               Conj/Fire      0%         2d4       100%        4
 Olgreb's Toxic Radiance  Pois           0%         N/A       100%        4
 Sticky Flame             Conj/Fire      0%         2d3       100%        4
 Yara's Violent Unravell  Hex/Tmut       0%         3d3       100%        5
 Enfeeble                 Hex            0%         N/A       100%        7


Dungeon Overview and Level Annotations

Branches:
Dungeon (5/15)             Temple (0/1) D:4

Altars:

Annotations:
D:5 3 runed translucent doors, suzumiya's ghost, novice MiGl


Innate Abilities, Weirdness & Mutations

You have a pair of horns on your head.
You reflexively headbutt those who attack you in melee.


Message History

The iguana bites you but does no damage.
The gnoll bouda gazes fiercely through you!
You feel your attacks grow feeble.
The gnoll bouda barks out a call to the hunt!
The gnoll picks up the pace!
The iguana attacks as you move away! The iguana bites you!
You hit the iguana.
Your weapon exudes an aura of protection.
The iguana is lightly wounded.
The iguana bites you!
You closely miss the iguana. You headbutt the iguana.
The iguana is moderately wounded.
The gnoll barely misses you.
You hit the iguana but do no damage.
The iguana is moderately wounded.
The iguana barely misses you. The gnoll closely misses you.
You block the gnoll's attack. The iguana attacks as you move away!
The iguana bites you but does no damage.
The gnoll bouda gazes fiercely through you!
You feel as though you will be weak longer.
The gnoll hits you but does no damage.
The gnoll bouda gazes fiercely through you!
You feel as though you will be weak longer.
You block the gnoll's attack. The iguana attacks as you move away!
The iguana bites you. The iguana attacks as you move away!
The iguana bites you but does no damage.
The gnoll hits you from afar with a +0 spear.
The gnoll is no longer moving quickly.
The gnoll bouda barks out a call to the hunt!
The gnoll picks up the pace!
The iguana attacks as you move away! The iguana bites you!
* * * LOW HITPOINT WARNING * * *
The gnoll barely misses you. The iguana closely misses you.
The gnoll barely misses you. x2
The gnoll is no longer moving quickly.
The iguana bites you.
* * * LOW HITPOINT WARNING * * *
The gnoll hits you from afar with a +0 halberd.
You die...

#.#.# #.###########......###
#.#.# #.# #...##.....##....#
....####.# #.#.##.##........####
#.#....#.# #.#....##..#.....+..#
#g#...g#.###.#######..#.....#.###
g......g..g..........<.....>.....
#####.....#..#.###.#.##.#.#)...##
#.......#.#g##.#.#......#.#......
.....#..#.#....#@###.####.#......
..##.#..#.###ggl..##'## #.#...).#
. #.#..#..##.....#...# #.#.##.##
.. #....##..'..(..#...# #.#.##.##
####.#####.....#...###.#.##.#.
#.####...>..........#.##.#.
#..........#.....##.#.##.#.
######.##..#.....####.##.#.
#......#.........##.#.


You could see an iguana and 2 gnolls.

Vanquished Creatures
  Eustachio (D:3)
  2 ogres (D:5)
  A kobold brigand (D:5)
  A scorpion (D:3)
  A hound (D:5)
  A jelly (D:4)
  2 orc priests (D:4)
  Terence (D:3)
  An orc wizard (D:3)
  8 gnolls
  6 adders
  A worm (D:4)
  3 dart slugs
  5 orcs
  8 endoplasms
  2 giant cockroaches (D:3)
  8 goblins (D:2)
  10 hobgoblins
  4 jackals (D:1)
  8 kobolds
  2 quokkas
  12 ball pythons
  4 bats
  4 frilled lizards
  5 rats
101 creatures vanquished.

Vanquished Creatures (others)
  4 orcs (D:4)
4 creatures vanquished.

Grand Total: 105 creatures vanquished

Notes
Turn   | Place    | Note
-------+----------+-------------------------------------------
     0 | D:1      | seaoflcl the Minotaur Fighter began the quest for the Orb.
     0 | D:1      | Reached XP level 1. HP: 19/19 MP: 0/0
   122 | D:1      | Reached XP level 2. HP: 27/27 MP: 1/1
   324 | D:1      | Reached skill level 3 in Axes
   539 | D:1      | Reached XP level 3. HP: 33/33 MP: 2/2
  1408 | D:2      | Reached XP level 4. HP: 39/40 MP: 3/3
  1640 | D:2      | Reached skill level 4 in Axes
  2355 | D:3      | Noticed Terence
  2364 | D:3      | Reached XP level 5. HP: 46/47 MP: 4/4
  2372 | D:3      | Killed Terence
  2412 | D:3      | Reached skill level 5 in Axes
  3007 | D:4      | Noticed Eustachio
  3016 | D:4      | Reached XP level 6. HP: 55/55 MP: 5/5
  3037 | D:3      | Killed Eustachio
  3038 | D:3      | Reached skill level 5 in Fighting
  3038 | D:3      | Reached skill level 1 in Throwing
  3038 | D:3      | Reached skill level 5 in Armour
  3038 | D:3      | Reached skill level 5 in Shields
  3364 | D:4      | Reached skill level 6 in Axes
  3364 | D:4      | Reached XP level 7. HP: 44/61 MP: 6/6
  3594 | D:4      | Identified the +7 short sword of Qipsogats {protect, rElec
                  | Dex+3}
  3718 | D:4      | Found a staircase to the Ecumenical Temple.
  4092 | D:5      | Entered Level 5 of the Dungeon
  4109 | D:5      | Found a runed translucent gate.
  4110 | D:5      | Found a runed translucent gate.
  4117 | D:5      | Noticed suzumiya's ghost (novice MiGl)
  4207 | D:5      | Found a runed translucent gate.
  4576 | D:5      | Reached skill level 1 in Short Blades
  4607 | D:5      | Slain by a gnoll

Illustrated notes

Levels and vault maps discovered:
D:1:      wander_arrival_abandoned_jail, layout_loops_corners,
          chequers_decorated_corner
D:2:      layout_basic, chequers_serial_rivers_small_3,
          minmay_misc_feat_enclosed, nrook_loot_triangle,
          roderic_serpentine_path, minmay_goblin_kobold_house
D:3:      layout_basic, minmay_misc_feat_five, uniq_terence
D:4:      layout_cave_pools, lemuel_temple_firewalk_a, uniq_eustachio
D:5:      layout_basic, gammafunk_ghost_split

Skill      XL: |  1  2  3  4  5  6  7 |
---------------+----------------------+-----
Axes           | 3 4 5 6 |  6.7
Armour         | 4 5 |  5.6
Shields        | 4 5 |  5.6
Fighting       | 4 5 |  5.6
Throwing       | 1 2 |  2.1
Short Blades   | 1 |  1.2

Action                     |  1- 3 |  4- 6 |  7- 9 || total
---------------------------+-------+-------+-------++-------
  Melee: War axe           |    81 |   112 |    10 ||   203
         Headbutt          |     9 |     8 |     9 ||    26
         Short sword       |       |       |    32 ||    32
  Throw: Dart              |       |     3 |       ||     3
    Use: Potion            |       |     4 |       ||     4
   Stab: Invisible         |       |     3 |       ||     3
 Armour: Scale mail        |    36 |    61 |    19 ||   116
         Skin              |       |    12 |       ||    12
  Dodge: Dodged            |    36 |    50 |    30 ||   116
  Block: Buckler           |    15 |    29 |    12 ||    56
